 Dungeon Crawl Stone Soup version 0.30-a0-800-g7c544603b3 (webtiles) character file.

Game seed: 10142431337190108935

23 holysushi the Cutter (level 2, 24/24 HPs)
             Began as a Demonspawn Monk on Feb 22, 2023.
             Was the Champion of Ignis.
             Quit the game on level 1 of the Dungeon.
             The game lasted 00:02:11 (577 turns).

holysushi the Cutter (Demonspawn Monk)               Turns: 577, Time: 00:02:12

Health: 24/24      AC:  2    Str: 11    XL:     2   Next: 72%
Magic:  2/2        EV: 12    Int: 11    God:    Ignis [******]
Gold:   39         SH:  0    Dex: 15    Spells: 1/1 levels left

rFire   + . .      SeeInvis .    a - +0 short sword
rCold   . . .      Faith    .    (no shield)
rNeg    . . .      Spirit   +    b - +0 robe
rPois   .          Reflect  .    (no helmet)
rElec   .          Harm     .    (no cloak)
rCorr   .          Rampage  .    (no gloves)
Will    .....                    (no boots)
Stlth   ++                       f - amulet of guardian spirit
HPRegen 0.24/turn                (no ring)
MPRegen 0.08/turn                (no ring)

@: no status effects
A: weakness stinger 1
a: Renounce Religion, Fiery Armour, Foxfire Swarm, Rising Flame


You were on level 1 of the Dungeon.
You worshipped Ignis.
Ignis was exalted by your worship.
You visited 1 branch of the dungeon, and saw 1 of its levels.

You collected 39 gold pieces.

Inventory:

Hand Weapons
 a - a +0 short sword (weapon)
Armour
 b - a +0 robe (worn)
Jewellery
 f - an amulet of guardian spirit (around neck)
Scrolls
 e - 3 scrolls of fog {unknown}
 g - a scroll of enchant armour {unknown}
Potions
 c - a potion of ambrosia
 d - a potion of cancellation {unknown}
 h - a potion of attraction {unknown}
 i - a potion of curing {unknown}


   Skills:
 - Level 3.0 Fighting
 + Level 3.7 Short Blades
 - Level 2.6 Dodging
 - Level 1.7 Stealth


You had one spell level left.
You didn't know any spells.
Your spell library was empty.

Dungeon Overview and Level Annotations

Branches:
Dungeon (1/15) Zot: 5432

Altars:
Ignis


Innate Abilities, Weirdness & Mutations

You have a small tail.


Message History

A hobgoblin is nearby!
A hobgoblin is nearby!
A hobgoblin is nearby!
You hit the hobgoblin but do no damage. The hobgoblin closely misses you.
You closely miss the hobgoblin. You hit the hobgoblin.
The hobgoblin is almost dead.
The hobgoblin hits you.
You hit the hobgoblin but do no damage. You tail-slap the hobgoblin.
You kill the hobgoblin!
You see here a hobgoblin corpse.
No target in view!
No target in view!
You open the door.
There is an open door here.
A rat is nearby!
A rat is nearby!
A rat is nearby!
A rat is nearby!
The rat barely misses you.
You hit the rat.
You kill the rat!
No target in view!
No target in view!
No target in view!
You open the huge gate.
Found a faded altar of an unknown god.
There is a huge open gate here.
There is a huge open gate here.
There is a faded altar of an unknown god here.
This altar belongs to (a) Ru, (b) Ignis or (c) Xom, but you can't tell which.
Press the corresponding letter to learn more about a god, or press enter to convert or escape to cancel.
Ignis accepts your prayer! Ignis welcomes you!
You can now rocket upward and away.
Okay, then.
There is a huge open gate here.
There is a huge open gate here.
Press: ? - help, v - describe, . - travel The floor.
Are you sure you want to abandon this character and quit the game? (Confirm with "yes".)

#####.......####..........#
#...........#..............
#.#.........#............... ..
#.#.....>................... ....
#.#......#)'''''.................
#.#......#†'''''..........###....
#.#....#...''_''...............[.
#.##.......'''''.................
#).'.......'''''@..........#.....
####............##..........##...
............................####.
##...##..##..................# ##
#...##..##.............#....#
#...##.....†......†....# .... #
#....................###. ... ##
#...........#............ #.
#................#+##.... #.


There were no monsters in sight!

Vanquished Creatures
  4 ball pythons (D:1)
  3 bats (D:1)
  3 endoplasms (D:1)
  A giant cockroach (D:1)
  A goblin (D:1)
  2 hobgoblins (D:1)
  A quokka (D:1)
  A frilled lizard (D:1)
  4 rats (D:1)
20 creatures vanquished.

Notes
Turn   | Place    | Note
-------+----------+-------------------------------------------
     0 | D:1      | holysushi the Demonspawn Monk began the quest for the Orb.
     0 | D:1      | Reached XP level 1. HP: 18/18 MP: 1/1
   300 | D:1      | Gained mutation: You have a small tail. [demonic ancestry]
   300 | D:1      | Reached XP level 2. HP: 24/24 MP: 2/2
   557 | D:1      | Found a faded altar of an unknown god.
   561 | D:1      | Prayed at the altar of an unknown god.
   561 | D:1      | Became a worshipper of Ignis, the Dying Flame
   561 | D:1      | Reached ****** piety under Ignis
   577 | D:1      | Quit the game

Illustrated notes

Levels and vault maps discovered:
D:1:      onia_arrival_pentagram, layout_basic,
          hellmonk_ecumenical_altar_heavens_door, dreamdust_princess_corridor,
          chequers_avenue

Skill      XL: |  1 |
---------------+----+-----
Short Blades   | 3 |  3.7
Fighting       | |  3.0
Dodging        | |  2.6
Stealth        | |  1.7

Action                     || total
---------------------------++-------
  Melee: Short sword       ||    61
         Punch             ||     2
         Tailslap          ||     4
   Stab: Sleeping          ||     2
 Armour: Robe              ||     4
  Dodge: Dodged            ||    30

Table legend: (Time is in decaauts)
 A = Elapsed time spent in this place.
 B = Non-inter-level travel time spent in this place.
 C = Inter-level travel time spent in this place.
 D = Time resting spent in this place.
 E = Time spent auto-exploring this place.
 F = Levels seen in this place.
 G = Mean time per level.
                   A        B        C        D        E       F      G
               +--------+--------+--------+--------+--------+-----+--------+
         Total |    567 |    567 |      0 |      0 |    390 |   1 |  567.0 |
       Dungeon |    567 |    567 |      0 |      0 |    390 |   1 |  567.0 |
               +--------+--------+--------+--------+--------+-----+--------+

Top non-repeatable levels by time:
     D:1: 567 daAuts
